 Dungeon Crawl Stone Soup version 0.31-a0-986-g5e6e4ef867 (webtiles) character file.

Game seed: 14477465796548273647

10434 bobarctor the Purveyor of Pain (level 11, -63/68 HPs)
             Began as a Demonspawn Necromancer on Sept 14, 2023.
             Was an Initiate of Kikubaaqudgha.
             Annihilated by an enormous slime creature (74 damage)
             ... in an ice cave on Nov 23, 2023.
             The game lasted 01:17:40 (11514 turns).

bobarctor the Purveyor of Pain (DsNe)              Turns: 11514, Time: 01:17:41

Health: -63/68     AC:  8    Str: 10    XL:     11   Next: 36%
Magic:  0/33       EV: 14    Int: 24    God:    Kikubaaqudgha [......]
Gold:   312        SH:  0    Dex: 15    Spells: 5/28 levels left

rFire   . . .        Q - +2 spear (pain)
rCold   . . .        (no shield)
rNeg    . . .        a - +0 troll leather armour
rPois   .            E - +0 helmet
rElec   .            (no cloak)
rCorr   .            (no gloves)
SInv    .            G - +1 pair of boots
Will    .....        A - amulet of regeneration
Stlth   +++          k - ring of magical power
HPRegen 1.91/turn    I - +6 ring of intelligence
MPRegen 0.46/turn

%: guardian spirit
@: animating dead
A: claws 2, magic shield, magic regeneration, sharp scales 2
a: Renounce Religion


You were in an ice cave.
You worshipped Kikubaaqudgha.
Kikubaaqudgha was noncommittal.
You visited 2 branches of the dungeon, and saw 12 of its levels.
You also visited: Ice Cave.

You collected 558 gold pieces.
You spent 246 gold pieces at shops.

Inventory:

Hand Weapons
 g - a +5 halberd
 m - a +3 short sword
 q - a +5 battleaxe
 z - a +4 flail of protection
 B - a +2 demon trident of freezing
 H - a +1 short sword of freezing
 O - a +0 dagger of venom
 Q - a +2 spear of pain (weapon)
 Z - a +0 orcbow
Missiles
 j - 2 poisoned darts
 r - 8 boomerangs (quivered)
 F - 3 darts of dispersal
 P - 5 curare-tipped darts
Armour
 a - a +0 troll leather armour (worn)
 e - the +8 ring mail of Levity {Str+3}
   (You found it on level 7 of the Dungeon)

   Str+3:     It affects your strength (+3).
 E - a +0 helmet (worn)
 G - a +1 pair of boots (worn)
 M - the +1 leather armour of the Stars {Int+4}
   (You bought it in a shop on level 5 of the Dungeon)

   Int+4:     It affects your intelligence (+4).
 T - +0 steam dragon scales
 U - a +2 ring mail of positive energy
 Y - +0 ice dragon scales
Jewellery
 k - a ring of magical power (left claw)
 A - an amulet of regeneration (around neck)
 I - a +6 ring of intelligence (right claw)
 S - an amulet of reflection
Talismans
 V - a talisman of death
Wands
 v - a wand of iceblast (19)
 N - a wand of flame (39)
 X - a wand of digging (4)
Scrolls
 c - 2 scrolls of enchant armour
 d - 2 scrolls of teleportation
 f - 4 scrolls of fog
 h - a scroll of noise
 i - 2 scrolls of amnesia
 n - 8 scrolls of identify
 p - 3 scrolls of poison
 y - a scroll of immolation
 J - a scroll of enchant weapon {unknown}
 R - a scroll of fear {unknown}
 W - a scroll of torment {unknown}
Potions
 b - a potion of magic
 l - 2 potions of haste
 o - a potion of might {unknown}
 s - a potion of enlightenment {unknown}
 u - 3 potions of mutation {unknown}
 w - a potion of degeneration {unknown}
 x - 2 potions of brilliance {unknown}
 C - a potion of invisibility {unknown}
 D - 2 potions of cancellation {unknown}
 K - 3 potions of attraction {unknown}
 L - 2 potions of curing {unknown}


   Skills:
 + Level 6.7 Dodging
 + Level 7.4 Stealth
 * Level 9.4 Spellcasting
 * Level 10.7 Necromancy
 + Level 6.0 Translocations


You had 5 spell levels left.
You knew the following spells:

 Your Spells              Type           Power      Damage    Failure   Level
a - Necrotise             Necr           100%       1d9       1%          1
b - Vampiric Draining     Necr           58%        2d10      1%          3
c - Apportation           Tloc           80%        N/A       1%          1
d - Animate Dead          Necr           58%        N/A       1%          4
e - Jinxbite              Hex            22%        N/A       12%         2
f - Anguish               Hex/Necr       18%        N/A       9%          4
g - Agony                 Necr           58%        N/A       2%          5
h - Summon Guardian Gole  Hex/Summ       11%        N/A       22%         3

Your spell library contained the following spells:

 Spells                   Type           Power      Damage    Failure   Level
 Kiss of Death            Conj/Necr      100%       2d13      1%          1
 Sublimation of Blood     Necr           58%        N/A       1%          2
 Summon Small Mammal      Summ           44%        N/A       8%          1
 Ensorcelled Hibernation  Hex/Ice        22%        N/A       12%         2
 Scorch                   Fire           22%        2d5       12%         2
 Call Canine Familiar     Summ           11%        N/A       22%         3
 Inner Flame              Hex/Fire       11%        N/A       22%         3
 Flame Wave               Conj/Fire      11%        2d6       58%         4
 Sticky Flame             Conj/Fire      11%        2d3       58%         4
 Alistair's Intoxication  Tmut/Pois      7%         N/A       91%         5
 Summon Cactus Giant      Summ           5%         N/A       100%        6


Dungeon Overview and Level Annotations

Branches:
Dungeon (11/15)            Temple (1/1) D:6            Lair (0/5) D:8
    Orc (0/2) D:9           IceCv (1/1)

Altars:
Ashenzari
Cheibriados
Dithmenos
Fedhas
Gozag
Hepliaklqana
Kikubaaqudgha
Makhleb
Nemelex Xobeh
Okawaru
Qazlal
Ru
Sif Muna
Trog
Uskayaw
Vehumet
Wu Jian
Yredelemnul

Shops:
D:4 (   D:5 *[(*[

Annotations:
D:3 3 runed translucent doors, tinescath's ghost, amateur DsSh
D:11 Sonja


Innate Abilities, Weirdness & Mutations

You have very sharp fingernails.
When hurt, damage is shared between your health and your magic reserves.
You regenerate magic rapidly.
You are mostly covered in razor-sharp scales. (AC +2, Slay +2)


Message History

Two slime creatures merge to form a large slime creature.
Reach: Q) +2 spear (pain)
Press: ? - help, Dir - move target, f/p - large slime creature
Aim: a large slime creature (heavily wounded, about 16% to evade your +2 spear of pain)
You hit the large slime creature but do no damage.
The large slime creature writhes in agony.
The large slime creature is severely wounded.
Reach: Q) +2 spear (pain)
Press: ? - help, Dir - move target, f/p - large slime creature
Aim: a large slime creature (severely wounded, about 16% to evade your +2 spear of pain)
You hit the large slime creature.
The large slime creature writhes in agony.
The large slime creature is severely wounded.
Two slime creatures merge to form an enormous slime creature.
Reach: Q) +2 spear (pain)
Press: ? - help, Dir - move target, f/p - enormous slime creature
Aim: an enormous slime creature (severely wounded, about 16% to evade your +2 spear of pain)
You barely miss the enormous slime creature.
The enormous slime creature is severely wounded.
Unknown command.
Reach: Q) +2 spear (pain)
Press: ? - help, Dir - move target, f/p - enormous slime creature
Aim: an enormous slime creature (severely wounded, about 16% to evade your +2 spear of pain)
You hit the enormous slime creature.
The enormous slime creature is severely wounded.
The enormous slime creature hits you!!!!
Ouch! That really hurt!
* * * LOW HITPOINT WARNING * * *
The enormous slime creature attacks as it pursues you!
The enormous slime creature hits you.
* * * LOW HITPOINT WARNING * * *
The enormous slime creature attacks as it pursues you!
The enormous slime creature hits you!
* * * LOW HITPOINT WARNING * * *
Your magical contamination has completely faded away.
The enormous slime creature attacks as it pursues you!
The enormous slime creature hits you!!!!
Ouch! That really hurt!
You die...
Kikubaaqudgha rasps: "You have failed me!
Welcome... death!"

##### ##.∩.## #..∩..#
##...## ##.## ##.##
####...####
####.........####
###.J@..#####.....###
##....####...###.....##
####...####.......####....
##.....##.....##......###..
##.....##....########....##.
#....###...###.°.°####....##
#....J######.........##...Z#
#......###.....###....###.ZZ
##....§J.....### ###....###.


You could see an enormous slime creature.

Vanquished Creatures
  Joseph (D:7)
  Maggie (D:7)
  An unseen horror (D:10)
  A rime drake (IceCv)
  4 slime creatures (IceCv)
  A shadow (D:8)
  17 yaks
  Edmund (D:5)
  Menkaure (D:5)
  A water moccasin (D:7)
  3 black bears (D:6)
  4 ice beasts
  6 orc warriors
  A sky beast (D:8)
  2 ogres
  A centaur (D:9)
  A phantom (D:4)
  A kobold brigand (D:8)
  3 bullfrogs
  3 scorpions
  A gnoll sergeant (D:8)
  3 glowing shapeshifter simulacra (IceCv)
  6 wights
  A killer bee (D:10)
  A howler monkey (D:8)
  A jelly (D:7)
  A hound (D:5)
  5 orc priests
  An iguana (D:4)
  2 sleepcaps (D:4)
  9 orc wizards
  4 shapeshifter simulacra (IceCv)
  5 adders
  3 shadow imps (D:7)
  2 white imps
  2 ufetubi (D:6)
  4 worms
  A dart slug (D:1)
  53 orcs
  7 ball pythons
  8 bats
  3 endoplasms
  5 giant cockroaches
  9 goblins
  10 hobgoblins
  8 jackals
  3 quokkas
  7 frilled lizards
  6 kobolds
  6 rats (D:1)
231 creatures vanquished.

Vanquished Creatures (collateral kills)
  An ice statue (IceCv)
  2 slime creatures (IceCv)
  2 yaks (D:9)
  A great orb of eyes simulacrum (IceCv)
  An orc warrior (D:8)
  A black bear (D:8)
  A bullfrog (D:8)
  3 glowing shapeshifter simulacra (IceCv)
  A jelly (D:6)
  A sleepcap (D:6)
  An iguana (D:6)
  A shapeshifter simulacrum (IceCv)
  4 orcs
  2 kobolds (D:8)
22 creatures vanquished.

Vanquished Creatures (others)
  5 rime drakes (IceCv)
  A troll (D:10)
  2 polar bears (IceCv)
  6 slime creatures (IceCv)
  2 slime creature zombies (IceCv)
  A yak (IceCv)
  A great orb of eyes simulacrum (IceCv)
  4 ice beasts (IceCv)
  4 rime drake zombies (IceCv)
  A polar bear zombie (IceCv)
  5 yak zombies
  An orc priest (D:10)
  An orc wizard (D:3)
  A scorpion zombie (D:8)
  An ice beast zombie (IceCv)
  A frilled lizard zombie (D:8)
  A kobold (D:8)
  A kobold zombie (D:8)
  7 orc zombies
46 creatures vanquished.

Grand Total: 299 creatures vanquished

Notes
Turn   | Place    | Note
-------+----------+-------------------------------------------
     0 | D:1      | bobarctor the Demonspawn Necromancer began the quest for
                  | the Orb.
     0 | D:1      | Reached XP level 1. HP: 13/13 MP: 3/3
   333 | D:1      | Gained mutation: You are partially covered in razor-sharp
                  | scales. (AC +1, Slay +1) [demonic ancestry]
   333 | D:1      | Reached XP level 2. HP: 19/19 MP: 3/5
   994 | D:1      | Reached XP level 3. HP: 24/24 MP: 6/6
   998 | D:1      | Learned a level 3 spell: Vampiric Draining
  1635 | D:2      | Learned a level 1 spell: Apportation
  1918 | D:2      | Reached XP level 4. HP: 30/30 MP: 8/8
  1923 | D:2      | Learned a level 4 spell: Animate Dead
  2447 | D:3      | Found a runed translucent gate.
  2448 | D:3      | Found a runed translucent gate.
  2468 | D:3      | Reached skill level 5 in Necromancy
  2468 | D:3      | Reached XP level 5. HP: 27/34 MP: 5/10
  2560 | D:3      | Found a runed translucent gate.
  2886 | D:3      | Noticed tinescath's ghost (amateur DsSh)
  3302 | D:4      | Reached skill level 1 in Translocations
  3368 | D:4      | Found Zetey's Antique Weapon Boutique.
  3382 | D:4      | Found a basalt altar of Yredelemnul.
  3565 | D:4      | Noticed a phantom
  3583 | D:4      | Killed a phantom
  3584 | D:4      | Gained mutation: You are mostly covered in razor-sharp
                  | scales. (AC +2, Slay +2) [demonic ancestry]
  3584 | D:4      | Reached XP level 6. HP: 21/41 MP: 12/12
  3761 | D:4      | Found a broken altar of Ashenzari.
  3762 | D:4      | Found a radiant altar of Vehumet.
  4151 | D:5      | Entered Level 5 of the Dungeon
  4152 | D:5      | Upgraded the game from 0.31-a0-750-gfe7b580527 to
                  | 0.31-a0-765-g67fe2935dc
  4215 | D:5      | Noticed a wraith
  4258 | D:5      | Noticed an ice beast
  4263 | D:5      | Learned a level 2 spell: Jinxbite
  4266 | D:5      | Found Wiek's Assorted Antiques.
  4282 | D:5      | Killed an ice beast
  4283 | D:5      | Gained mutation: You regenerate magic rapidly. [demonic
                  | ancestry]
  4283 | D:5      | Reached XP level 7. HP: 40/46 MP: 13/13
  4422 | D:5      | Found Igiurimy's Weapon Emporium.
  4496 | D:5      | Found a sparkling altar of Nemelex Xobeh.
  4514 | D:5      | Found Refycan's Armour Shoppe.
  4536 | D:5      | Noticed an animated pearl dragon scales
  4537 | D:5      | Found Siatsiu's Armour Emporium.
  4539 | D:5      | Noticed an animated gold dragon scales
  4588 | D:5      | Found Ylul's General Store.
  4606 | D:5      | Noticed Menkaure
  4622 | D:5      | Killed Menkaure
  4623 | D:5      | Reached skill level 5 in Spellcasting
  4654 | D:5      | Noticed Edmund
  4667 | D:5      | Killed Edmund
  5170 | D:5      | Bought the +1 leather armour of the Stars {Int+4} for 246
                  | gold pieces
  5217 | D:6      | Reached skill level 6 in Necromancy
  5217 | D:6      | Gained mutation: You have sharp fingernails. [demonic
                  | ancestry]
  5217 | D:6      | Reached XP level 8. HP: 46/52 MP: 16/16
  5432 | D:6      | Found an opulent altar of Gozag.
  5694 | D:6      | Found a staircase to the Ecumenical Temple.
  5710 | Temple   | Entered the Ecumenical Temple
  5715 | Temple   | Became a worshipper of Kikubaaqudgha
  6248 | D:7      | Reached skill level 5 in Stealth
  6248 | D:7      | Reached skill level 7 in Necromancy
  6273 | D:7      | Identified the +8 ring mail of Levity {Str+3}
  6394 | D:7      | Gained mutation: You have very sharp fingernails. [demonic
                  | ancestry]
  6394 | D:7      | Reached XP level 9. HP: 54/55 MP: 18/18
  6790 | D:7      | Noticed Joseph
  7116 | D:8      | Reached skill level 5 in Dodging
  7122 | D:8      | Reached * piety under Kikubaaqudgha
  7122 | D:8      | Received a gift from Kikubaaqudgha
  7252 | D:8      | Reached skill level 8 in Necromancy
  7416 | D:8      | Learned a level 4 spell: Anguish
  7422 | D:8      | Learned a level 5 spell: Agony
  7426 | D:8      | Learned a level 3 spell: Summon Guardian Golem
  7441 | D:8      | Found a staircase to the Lair.
  7448 | D:8      | Gained mutation: When hurt, damage is shared between your
                  | health and your magic reserves. [demonic ancestry]
  7448 | D:8      | Reached XP level 10. HP: 54/63 MP: 21/21
  7770 | D:7      | Noticed Maggie
  7796 | D:7      | Killed Maggie
  7881 | D:7      | Killed Joseph
  8428 | D:8      | Reached skill level 9 in Necromancy
  8506 | D:8      | Reached skill level 5 in Translocations
  8852 | D:9      | Reached ** piety under Kikubaaqudgha
  8872 | D:9      | Found a staircase to the Orcish Mines.
  9312 | D:9      | Upgraded the game from 0.31-a0-765-g67fe2935dc to
                  | 0.31-a0-986-g5e6e4ef867
  9338 | D:10     | Entered Level 10 of the Dungeon
  9720 | IceCv    | Identified the "Refetz"
  9742 | D:11     | Noticed Sonja
  9774 | D:10     | Reached skill level 10 in Necromancy
  9875 | D:11     | Found a frozen archway.
  9884 | IceCv    | Entered an ice cave
 10375 | IceCv    | Noticed an ice statue
 10505 | IceCv    | Reached XP level 11. HP: 68/68 MP: 24/24
 11510 | IceCv    | HP: 3/68 [enormous slime creature (9)]
 11514 | IceCv    | Annihilated by an enormous slime creature

Illustrated notes

Levels and vault maps discovered:
D:1:      sevenhm_arrival_forest_fort_large_2, layout_loops_ring
D:2:      layout_loops_ring
D:3:      layout_loops_cross, gammafunk_ghost_necromancy, grunt_ministairs_13
D:4:      layout_basic, mainiacjoe_overflow_catwalk,
          gammafunk_temple_overflow_claw, serial_shops, shop, minmay_vboxes
D:5:      layout_basic, nemelex_diamond_rough_becter, serial_shops,
          nicolae_shop_behind_doors, nicolae_shop_tiny_statue_garden, shop,
          nicolae_shop_mannequins, nicolae_shop_waterfront,
          ebering_dispersal_statue_hall, lightli_corner_chamber, uniq_menkaure,
          uniq_edmund
D:6:      layout_basic, grunt_gozag_breadcrumbs, minmay_temple_entry_slanted
D:7:      layout_basic, uniq_maggie, uniq_joseph
D:8:      layout_rooms, grunt_lair_entry_orc_guard_hut, minmay_puff
D:9:      layout_basic, david_orc_5, kennysheep_pointless_box
D:10:     layout_basic, doesnt_xom_only_xom
D:11:     minmay_the_grid_4x2 [minmay_the_grid_garden, minmay_the_grid_paths,
          minmay_the_grid_all_tris, minmay_the_grid_diamond_grid,
          minmay_the_grid_slots, minmay_the_grid_fan, minmay_the_grid_large_cup,
          minmay_the_grid_prize_shrinking_boxes], layout_long_grid,
          portal_ice_cave_entry_pillars_1, uniq_sonja
Temple:   minmay_freezing_vapour_temple
IceCv:    ice_cave_hellmonk_azure_passage

Skill      XL: |  1  2  3  4  5  6  7  8  9 10 11 |
---------------+----------------------------------+-----
Stealth        | 2 3 4 5 6 7 |  7.4
Dodging        | 2 3 4 5 6 |  6.7
Spellcasting   | 3 4 5 6 7 9 |  9.4
Necromancy     | 5 6 7 8 10 | 10.7
Translocations | 1 2 3 4 5 6 |  6.0

Action                     |  1- 3 |  4- 6 |  7- 9 | 10-12 || total
---------------------------+-------+-------+-------+-------++-------
  Melee: Dagger            |     2 |       |       |       ||     2
         Short sword       |     8 |    18 |       |       ||    26
         Punch             |     1 |     1 |     8 |     4 ||    14
         Flail             |       |    27 |   181 |       ||   208
         Spear             |       |       |   100 |   249 ||   349
         Battleaxe         |       |       |       |     7 ||     7
         Demon trident     |       |       |       |     3 ||     3
  Throw: Boomerang         |       |       |       |    25 ||    25
   Cast: Necrotise         |    88 |    84 |    40 |    39 ||   251
         Vampiric Draining |       |     6 |    34 |    12 ||    52
         Animate Dead      |       |     1 |     5 |    15 ||    21
         Jinxbite          |       |     1 |       |     3 ||     4
         Apportation       |       |     1 |       |       ||     1
         Anguish           |       |       |       |     4 ||     4
         Summon Guardian G |       |       |       |    17 ||    17
 Invoke: Unearth Wretches  |       |       |     1 |     7 ||     8
    Use: Potion            |       |       |     1 |     1 ||     2
         Scroll            |       |       |       |    13 ||    13
   Stab: Sleeping          |       |       |     1 |     1 ||     2
         Distracted        |       |       |     1 |     1 ||     2
         Paralysed         |       |       |     1 |     7 ||     8
 Armour: Robe              |    20 |    37 |    14 |       ||    71
         Leather armour    |       |       |   246 |   207 ||   453
         Troll leather arm |       |       |       |    37 ||    37
  Dodge: Dodged            |    15 |    28 |   215 |   194 ||   452

Table legend: (Time is in decaauts)
 A = Elapsed time spent in this place.
 B = Non-inter-level travel time spent in this place.
 C = Inter-level travel time spent in this place.
 D = Time resting spent in this place.
 E = Time spent auto-exploring this place.
 F = Levels seen in this place.
 G = Mean time per level.
                   A        B        C        D        E       F      G
               +--------+--------+--------+--------+--------+-----+--------+
         Total |  11646 |  11001 |    645 |   1626 |   6247 |  13 |  895.8 |
       Dungeon |   9985 |   9340 |    645 |    900 |   6090 |  11 |  907.7 |
        Temple |     15 |     15 |      0 |      0 |      0 |   1 |   15.0 |
      Ice Cave |   1645 |   1645 |      0 |    726 |    157 |   1 | 1645.0 |
               +--------+--------+--------+--------+--------+-----+--------+

Top non-repeatable levels by time:
   IceCv: 1645 daAuts
     D:1: 1309 daAuts
     D:5: 1217 daAuts
     D:7: 1196 daAuts
     D:6: 1058 daAuts
     D:2: 1038 daAuts
     D:8: 967 daAuts
     D:4: 911 daAuts
     D:3: 897 daAuts
     D:9: 840 daAuts
    D:10: 469 daAuts
    D:11: 80 daAuts
  Temple: 15 daAuts
